 Dungeon Crawl Stone Soup version 0.19-a0-1206-g6bcb79c (webtiles) character file.

375 LORDOFBUTT the Poker (level 6, -2/56 HPs)
             Began as a Minotaur Berserker on Aug 22, 2016.
             Was a Believer of Trog.
             Slain by a river rat (3 damage)
             ... on level 4 of the Dungeon.
             The game lasted 00:03:24 (2206 turns).

LORDOFBUTT the Poker (Minotaur Berserker)           Turns: 2206, Time: 00:03:24

Health: -2/56      AC:  4    Str: 22    XL:     6   Next: 44%
Magic:  6/6        EV: 13    Int:  4    God:    Trog [**....]
Gold:   249        SH:  0    Dex: 11    Spells: 0 memorised, 5 levels left

rFire  . . .     SeeInvis .     a - +0 spear
rCold  . . .     Gourm    .     l - +0 leather armour
rNeg   . . .     Faith    .     (no shield)
rPois  .         Spirit   .     (helmet restricted)
rElec  .         Dismiss  .     (no cloak)
rCorr  .         Reflect  .     k - +0 pair of gloves
MR     .....     Harm     .     (no boots)
Stlth  +.........               (no amulet)
                                (no ring)
                                (no ring)

@: exhausted, slowed, very slow
A: retaliatory headbutt, horns 2
a: Berserk, Trog's Hand, Burn Spellbooks, Renounce Religion


You were on level 4 of the Dungeon.
You worshipped Trog.
Trog was pleased with you.
You were hungry.

You visited 1 branch of the dungeon, and saw 4 of its levels.

You collected 249 gold pieces.

Inventory:

Hand Weapons
 a - a +0 spear (weapon)
Armour
 b - a +0 animal skin
 k - a +0 pair of gloves (worn)
 l - a +0 leather armour (worn)
Jewellery
 u - an uncursed ring of ice
Wands
 d - a wand of confusion (29/48)
 n - a wand of paralysis (4/24)
Scrolls
 e - a scroll of fear
 h - 3 scrolls of remove curse
 p - a scroll of enchant weapon {unknown}
 q - 2 scrolls of noise {unknown}
 s - a scroll of magic mapping {unknown}
 v - a scroll of teleportation {unknown}
 x - 2 scrolls of identify
 y - a scroll of recharging {unknown}
Potions
 c - a potion of cancellation {unknown}
 g - a potion of haste
 i - 5 potions of invisibility {unknown}
 j - 2 potions of curing
 o - a potion of cure mutation {unknown}
 r - 2 potions of ambrosia {unknown}
 t - a potion of magic {unknown}
 w - 3 potions of lignification {unknown}
Comestibles
 f - 2 meat rations
 m - a bread ration
 z - 3 fruits


   Skills:
 + Level 5.4 Fighting
 + Level 5.6 Polearms
 + Level 3.0 Armour
 + Level 3.5 Dodging
 + Level 0.8 Stealth
 * Level 2.3 Evocations


You had 5 spell levels left.
You didn't know any spells.

Dungeon Overview and Level Annotations

Branches:
Dungeon (4/15)
 Temple: D:4-7

Altars:
Fedhas

Portals:
Sewer: D:4


Innate Abilities, Weirdness & Mutations

You reflexively headbutt those who attack you in melee.
You have a pair of horns on your head.


Message History

Found a glowing drain.
A river rat comes into view.
You puncture the ball python!
You kill the ball python!
Trog accepts your kill.
Your unstable footing causes you to fumble your attack.
The river rat closely misses you. x2
You hit the river rat but do no damage. The river rat closely misses you.
You hit the river rat. Your headbutt misses the river rat.
The river rat is lightly wounded.
The river rat misses you.
Your leather armour prevents you from hitting the river rat.
The river rat is lightly wounded.
The river rat misses you.
You closely miss the river rat. Your headbutt misses the river rat.
The river rat is lightly wounded.
The river rat bites you!
* * * LOW HITPOINT WARNING * * *
The river rat bites you.
You die...

########## #≈≈sr@≈..##
#≈∩≈#≈≈...# #≈≈
#≈.≈..# ###+#≈≈...#
#≈≈≈≈≈≈††.#
#.≈.≈.....#
#≈≈.......############
#.....................
####.###########.#####


You could see a river rat and a giant cockroach.

Vanquished Creatures
  An ogre (D:3)
  A howler monkey (D:4)
  An orc wizard (D:4)
  Ijyb (D:3)
  3 worker ants (D:4)
  3 adders
  2 river rats (D:4)
  An ooze (D:1)
  2 adder skeletons (D:4)
  6 worms
  2 giant geckos
  7 orcs (D:4)
  3 giant cockroaches
  2 goblins (D:1)
  3 hobgoblins
  3 jackals (D:2)
  3 kobolds
  A quokka (D:3)
  2 ball pythons
  5 bats
  2 giant newts (D:2)
  5 rats
59 creatures vanquished.

Notes
Turn   | Place    | Note
-------+----------+-------------------------------------------
     0 | D:1      | LORDOFBUTT the Minotaur Berserker began the quest for the Orb.
     0 | D:1      | Reached XP level 1. HP: 19/19 MP: 0/0
    71 | D:1      | You fall through a shaft!
   290 | D:1      | Reached XP level 2. HP: 23/27 MP: 1/1
  1035 | D:2      | Found a faded altar of an unknown god.
  1350 | D:2      | Reached XP level 3. HP: 31/33 MP: 2/2
  1436 | D:3      | Noticed Ijyb
  1439 | D:3      | Paralysed by Ijyb for 4 turns
  1447 | D:3      | Killed Ijyb
  1447 | D:3      | Reached skill level 1 in Evocations
  1471 | D:3      | Reached ** piety under Trog
  1701 | D:3      | Reached XP level 4. HP: 25/41 MP: 3/3
  1707 | D:3      | Noticed an ogre
  1713 | D:3      | Killed an ogre
  1713 | D:3      | Reached skill level 5 in Polearms
  1713 | D:3      | Reached XP level 5. HP: 45/47 MP: 3/5
  1823 | D:3      | Found a blossoming altar of Fedhas.
  2029 | D:4      | Reached skill level 5 in Fighting
  2093 | D:4      | Reached XP level 6. HP: 45/56 MP: 6/6
  2200 | D:4      | Found a glowing drain.
  2206 | D:4      | HP: 1/56 [river rat (8)]
  2206 | D:4      | Slain by a river rat

Vault maps used:
D:1:      kennysheep_arrival_seaside
D:2:      first_bread, ecumenical_altar_1
D:3:      lemuel_coloured_pillars_altar, uniq_iyjb
D:4:      okawaru_altar_gauntlet_db, portal_sewer_entry_e,
          gup_ossuary_entry_pyramid

Skill      XL: |  1  2  3  4  5 |
---------------+----------------+-----
Polearms       | 4 5 |  5.6
Fighting       | 4 5 |  5.4
Evocations     | 1 2 |  2.3
Armour         | 3 |  3.0
Dodging        | 3 |  3.5
Stealth        | |  0.8

Action                   |  1- 3 |  4- 6 || total
-------------------------+-------+-------++-------
Melee: Spear             |    94 |    74 ||   168
       Headbutt          |    12 |    15 ||    27
Invok: Berserk           |     2 |     4 ||     6
  Use: Scroll            |     6 |       ||     6
       Potion            |       |     1 ||     1
 Stab: Sleeping          |     1 |       ||     1
  Eat: Bread ration      |     1 |       ||     1
       Meat ration       |       |     1 ||     1
Armor: Animal skin       |     3 |       ||     3
       Leather armour    |     8 |     8 ||    16
Dodge: Dodged            |    25 |    36 ||    61
